Map: Orbital Shipyard

Players

capac - Winner!

  • Race: Terran Terran
  • League: Gold

A.I. 1 (Very Hard)

  • Race: Zerg Zerg

VOD

Have the link to the VOD?

Description

Time

  • Played on: Dec. 1, 2015, 6:43 a.m.
  • Length: 12:28
Show
View Real Time Build Order
Export as new Build Order

capac Terran - Winner!

Build Orders: Bio Tank 

Get SALT Encoding   

  12  0:01  SCV  
  13  0:13  SCV  
  14  0:25  Supply Depot  
  14  0:26  SCV  
  15  0:41  Refinery  
  15  0:47  SCV  
  15  0:48  Barracks  
  16  0:59  SCV  
  17  1:11  SCV  
  18  1:23  SCV  
  19  1:35  SCV  
  19  1:37  Reaper  
  21  1:46  Supply Depot  
  21  1:47  Command Center  
  21  1:51  SCV  
  22  2:08  Orbital Command  
  22  2:09  Factory  
  22  2:19  Marine  
  23  2:38  Barracks  
  23  2:39  Barracks  
  23  2:54  Factory Reactor  
  23  2:57  Factory Tech Lab  
  23  3:00  Barracks Reactor  
  23  3:01  Orbital Command  
  23  3:04  SCV  
  24  3:10  Refinery  
  24  3:16  SCV  
  25  3:28  SCV  
  26  3:37  Barracks Reactor  
  26  3:38  Barracks Tech Lab  
  26  3:45  Marine x2  
  26  3:48  SCV  
  29  3:59  SCV  
  29  4:00  SCV  
  29  4:02  Stimpack  
  31  4:09  Marine  
  31  4:10  Marine  
  31  4:11  SCV  
  34  4:20  SCV  
  34  4:22  Marine x2  
  39  4:24  Marauder, Siege Tank  
  39  4:28  Supply Depot  
  39  4:29  SCV  
  39  4:30  Supply Depot  
  43  4:32  SCV  
  43  4:35  Refinery  
  44  4:41  SCV  
  44  4:42  Marine  
  46  4:49  Marine x2  
  46  4:50  Marauder, SCV  
  51  4:53  Refinery  
  51  4:54  Supply Depot, Marine  
  52  5:00  Marine  
  52  5:02  Siege Tank  
  56  5:07  Marine  
  56  5:09  Bunker  
  56  5:13  Marine x2  
  59  5:14  Marauder  
  61  5:21  Starport  
  61  5:30  Marine  
  61  5:31  Marine  
  61  5:35  Supply Depot  
  63  5:36  Marauder  
  65  5:44  Marine x2  
  67  5:53  SCV x2  
  67  5:56  Marine  
  70  5:57  Marauder  
  70  5:58  Siege Tank  
  70  6:00  Starport Reactor  
  75  6:07  SCV x2  
  75  6:09  Marine  
  75  6:10  Combat Shields  
  78  6:19  Supply Depot  
  78  6:26  Marine x2  
  78  6:27  Marauder, SCV x2  
  78  6:30  Marine x2, Siege Tank  
  89  6:37  Medivac x2  
  89  6:39  SCV x2  
  95  6:44  Supply Depot  
  95  6:47  Marine  
  95  6:51  SCV x2  
  98  7:00  Marine x2  
  102  7:01  Marauder, Marine  
  102  7:07  Siege Tank  
  106  7:09  Marine  
  107  7:28  SCV x2  
  107  7:29  Marine x3  
  111  7:30  Marauder  
  111  7:35  Medivac  
  111  7:36  Medivac  
  118  7:44  Supply Depot  
  118  7:47  SCV x2  
  120  7:59  SCV x2  
  120  8:03  Marine x3  
  125  8:06  Marauder  
  125  8:07  Command Center  
  125  8:12  SCV x2  
  129  8:15  Medivac x2  
  133  8:31  Siege Tank  
  115  8:44  Marine x3  
  115  8:45  Marauder, Marine  
  121  9:02  Marine x3  
  118  9:16  Marine x2  
  120  9:18  Siege Tank  
  120  9:19  Medivac x2  
  120  9:20  Marine  
  122  9:35  Marauder  
  116  9:43  Marine  
  116  9:44  Marine x3  
  120  9:56  Marauder  
  114  10:18  Siege Tank  
  114  10:19  Marine x4  
  114  10:20  Marauder  
  122  10:36  Marine  
  122  10:37  Marine x2  
  122  10:41  Marauder  
  126  11:11  Marine x3  
  127  11:12  Marauder  
Show
View Real Time Build Order
Export as new Build Order

A.I. 1 (Very Hard) Zerg 

Build Orders: Hatch First 

Get SALT Encoding   

  12  0:00  Drone  
  13  0:12  Overlord  
  13  0:17  Drone  
  14  0:30  Drone x2  
  14  0:34  Drone  
  17  0:52  Hatchery  
  17  0:56  Drone  
  17  1:11  Spawning Pool  
  17  1:13  Extractor  
  17  1:15  Drone  
  16  1:19  Drone  
  16  1:22  Drone  
  18  1:27  Drone  
  19  1:38  Overlord  
  19  1:49  Drone  
  20  1:59  Zergling x2  
  20  2:00  Queen  
  23  2:04  Drone  
  24  2:12  Queen  
  26  2:18  Drone  
  27  2:23  Drone  
  27  2:24  Extractor  
  27  2:27  Drone  
  27  2:30  Drone  
  27  2:34  Drone  
  29  2:46  Roach Warren, Drone  
  29  2:51  Drone  
  30  2:53  Zergling x2  
  30  2:57  Zergling x2  
  31  3:01  Zergling x2  
  32  3:07  Overlord  
  32  3:10  Drone  
  33  3:14  Drone  
  34  3:26  Roach  
  36  3:28  Roach x2  
  36  3:31  Zergling x2  
  40  3:36  Roach  
  40  3:40  Zergling x2  
  42  3:46  Lair  
  42  3:50  Overlord  
  42  3:55  Overlord  
  42  3:59  Zergling x2  
  42  4:01  Zergling x2  
  44  4:08  Zergling x2, Drone  
  44  4:09  Drone  
  47  4:10  Drone  
  47  4:14  Drone  
  47  4:15  Drone  
  50  4:20  Roach  
  50  4:23  Roach  
  54  4:27  Overlord  
  54  4:35  Drone  
  54  4:37  Drone  
  56  4:39  Drone  
  56  4:41  Drone  
  56  4:45  Overlord  
  58  4:48  Infestation Pit, Drone  
  58  4:51  Overlord  
  58  4:54  Roach  
  58  4:57  Roach  
  62  5:06  Hydralisk Den  
  61  5:10  Drone  
  61  5:11  Drone  
  61  5:13  Drone  
  64  5:15  Drone  
  64  5:17  Drone  
  64  5:19  Drone  
  64  5:21  Drone  
  68  5:22  Drone  
  68  5:24  Drone  
  68  5:25  Infestor  
  68  5:27  Drone  
  73  5:29  Overlord  
  73  5:31  Drone  
  73  5:33  Drone  
  73  5:35  Drone  
  76  5:41  Ravager  
  76  5:42  Infestor, Hydralisk  
  80  5:43  Roach  
  80  5:47  Hydralisk, Roach  
  86  5:54  Overlord, Extractor  
  86  5:56  Roach  
  87  5:57  Ravager  
  87  6:01  Extractor, Drone  
  87  6:02  Roach  
  90  6:11  Hydralisk  
  90  6:12  Overlord  
  90  6:16  Hatchery  
  90  6:17  Drone x4  
  95  6:20  Hydralisk  
  95  6:24  Drone  
  98  6:30  Overlord  
  98  6:36  Infestor  
  100  6:45  Evolution Chamber  
  100  6:46  Drone  
  100  6:50  Evolution Chamber  
  100  6:51  Infestor  
  100  6:52  Drone  
  100  6:53  Overlord, Roach  
  104  6:56  Roach  
  104  6:58  Roach  
  108  7:03  Spine Crawler, Drone  
  108  7:07  Spine Crawler  
  108  7:08  Drone  
  108  7:12  Zerg Missile Weapons Level 1  
  108  7:27  Zerg Ground Armor Level 1  
  108  7:28  Queen, Drone x2, Overseer  
  108  7:29  Overlord, Drone x3  
  116  7:30  Drone x3  
  116  7:33  Hydralisk, Drone  
  116  7:35  Drone  
  116  7:36  Extractor, Drone  
  122  7:38  Drone  
  122  7:40  Drone  
  122  7:42  Drone  
  122  7:43  Drone  
  126  7:45  Drone  
  126  7:47  Drone  
  126  7:49  Overlord  
  126  7:51  Drone  
  129  7:58  Drone  
  130  8:00  Drone  
  130  8:01  Drone  
  130  8:03  Spore Crawler  
  130  8:05  Zergling x6, Drone x3  
  136  8:06  Spore Crawler  
  136  8:09  Overlord  
  136  8:10  Drone  
  137  8:13  Drone  
  137  8:16  Metabolic Boost  
  138  8:20  Zergling x2  
  138  8:21  Zergling x2  
  138  8:22  Lurker Den, Evolution Chamber  
  138  8:24  Drone  
  140  8:31  Baneling Nest, Overlord  
  140  8:32  Zergling x2  
  123  8:34  Zergling x6  
  123  8:35  Zergling x2  
  123  8:37  Roach  
  123  8:39  Infestor  
  108  8:41  Ravager  
  108  8:43  Roach x2  
  108  8:46  Roach  
  108  8:48  Zerg Melee Weapons Level 1  
  114  8:53  Roach  
  114  8:54  Roach  
  114  8:57  Roach  
  114  8:58  Extractor  
  99  9:02  Zergling x2  
  99  9:03  Zergling x10  
  99  9:04  Hydralisk x2  
  99  9:05  Overseer  
  99  9:08  Roach x3  
  109  9:10  Roach  
  109  9:16  Drone x2  
  103  9:17  Baneling  
  103  9:19  Drone  
  100  9:26  Drone  
  100  9:27  Drone  
  100  9:30  Roach  
  91  9:31  Zergling x6  
  91  9:32  Zergling x2, Roach, Drone  
  91  9:36  Extractor  
  91  9:37  Hydralisk  
  89  9:38  Drone  
  89  9:42  Roach  
  79  9:47  Overseer  
  79  9:48  Roach  
  79  9:49  Roach  
  79  9:51  Baneling  
  79  9:52  Baneling, Roach  
  85  9:54  Baneling  
  85  9:59  Spine Crawler, Zergling x2, Infestor  
  83  10:00  Ravager, Zergling x2, Drone x3  
  83  10:01  Zergling x2, Drone  
  83  10:03  Hydralisk Den  
  83  10:04  Drone  
  89  10:12  Roach  
  86  10:15  Roach  
  79  10:22  Zergling x2, Baneling  
  79  10:25  Roach  
  77  10:29  Zergling x2, Roach  
  77  10:30  Drone  
  77  10:32  Roach  
  77  10:34  Roach, Hydralisk  
  81  10:37  Hydralisk  
  81  10:39  Drone  
  74  10:44  Zergling x2  
  74  10:48  Roach  
  68  10:55  Zergling x2  
  68  10:56  Overseer  
  65  10:57  Drone  
  65  10:58  Roach  
  65  10:59  Roach, Drone  
  68  11:04  Roach x2, Drone  
  64  11:15  Queen  
  64  11:16  Zergling x4  
  42  11:37  Hydralisk  
  42  11:38  Zergling x4, Roach  
Tags
 
Composition
Bio Tank
League
Gold
Matchup
TvZ
Add a new tag
Caveats
  • Supply blocks, unpowered buildings, or Contaminate may cause inaccurate times.
  • Supply counts are checked every 10 seconds.